AoeStats
← Marwari

Arabia

504072906Analyzed
2v2 RM · 29d ago on Sep 3, 2026· 21m 0s· 4 players
Game mode
Random Map
Map size
Medium (4 player)
Population
200
Speed
Normal
Resources
Standard
Victory
Conquest
Starting age
Dark Age
Ending age
Imperial Age
RankedLock teamsTeams togetherTeam positionsShared explorationLock speedFull tech treeHidden civsTurbo modeCheats
Victory
Defeat
🇧🇪 Franks · Belgium
857
+15
🇧🇪 Armenians · Belgium
779
+19
🇫🇷 Celts · France
851
-18
🇫🇷 Spanish · France
817
-16
Joko6618
5:26 Loom
11:21 Feudal Age
12:43 Double-Bit Axe
12:42 Man-at-Arms
14:49 Horse Collar
21:13 Wheelbarrow
La Fleur2926
1:32 Loom
9:24 Loom
11:48 Feudal Age
KonoTamarauDa
9:41 Feudal Age
9:50 Man-at-Arms
11:24 Long Swordsman
13:25 Arson
14:41 Scale Mail Armor
18:04 Forging
Marwari
10:41 Feudal Age
11:04 Loom
20:26 Double-Bit Axe
Connection lost

Rejoining the realm…

Still unreachable

The connection could not be restored.

Session expired

The server has moved on; the page needs a fresh start.